 Dungeon Crawl Stone Soup version 0.29.0-4-gdea44cf6ec (webtiles) character file.

Game seed: 8339598369388367214

22 qw the Chopper (level 2, -2/17 HPs)
             Began as a Tengu Warper on Aug 28, 2022.
             Slain by a worm (8 damage)
             ... on level 2 of the Dungeon.
             The game lasted 00:00:03 (942 turns).

qw the Chopper (Tengu Warper)                        Turns: 942, Time: 00:00:04

Health: -2/17      AC:  3    Str: 11    XL:     2   Next: 91%
Magic:  6/6        EV: 10    Int: 13    God:
Gold:   25         SH:  7    Dex: 13    Spells: 5/5 levels left

rFire   . . .      SeeInvis .   Y - +1 hand axe (vorpal)
rCold   . . .      Faith    .   i - +0 kite shield
rNeg    . . .      Spirit   .   b - +0 leather armour
rPois   .          Reflect  .   (helmet restricted)
rElec   .          Harm     .   (no cloak)
rCorr   .          Rampage  .   (no gloves)
Will    .....                   (boots unavailable)
Stlth   +.........              (no amulet)
HPRegen 0.05/turn               (no ring)
MPRegen 0.10/turn               (no ring)

@: no status effects
A: beak, talons 3
a: no special abilities


You were on level 2 of the Dungeon.
You visited 1 branch of the dungeon, and saw 2 of its levels.

You collected 25 gold pieces.


Innate Abilities, Weirdness & Mutations

You have a beak for a mouth.
You have claws for feet.


   Skills:
 - Level 2.0 Fighting
 - Level 3.2 Axes
 - Level 1.0 Throwing
 - Level 1.1 Armour
 - Level 2.1 Dodging
 + Level 1.2 Shields
 - Level 2.0 Spellcasting
 - Level 2.4 Translocations


You had 5 spell levels left.
You didn't know any spells.
Your spell library contained the following spells:

 Spells                   Type           Power      Damage    Failure   Level
 Blink                    Tloc           14%        N/A       54%         2
 Gell's Gravitas          Tloc           7%         N/A       78%         3
 Lesser Beckoning         Tloc           7%         N/A       78%         3
 Teleport Other           Tloc           7%         N/A       78%         3
 Manifold Assault         Tloc           7%         N/A       100%        5

Inventory:

Hand Weapons
 g - a +0 mace of holy wrath
 Y - a +1 vorpal hand axe (weapon)
Armour
 b - a +0 leather armour (worn)
 i - a +0 kite shield (worn)

Dungeon Overview and Level Annotations

Branches:
Dungeon (2/15)

Altars:


Message History

The adder hisses angrily.
Found a stone staircase leading up.
There is a stone staircase leading up here.
An adder is nearby!
Existing waypoints: (2) D:1 Assign waypoint to what number? (0-9, D - delete waypoint) Waypoint 1 assigned to D:2.
You hit the adder. You claw the adder, but do no damage.
The adder is severely wounded.
The adder bites you. The adder barely misses you.
You hit the adder.
You kill the adder!
Your Shields skill increases to level 1!
You start resting.
HP restored.
There is a stone staircase leading up here.
There is a stone staircase leading up here.
A kobold comes into view. It is wielding a +0 club.
The kobold shouts!
You closely miss the kobold. You peck the kobold, but do no damage.
You block the kobold's attack. The kobold completely misses you.
You hit the kobold.
You kill the kobold!
A worm comes into view.
Enter note: You barely miss the worm.
The worm bites you!
You slash the worm!
The worm is heavily wounded.
You barely miss the worm.
The worm is heavily wounded.
The worm bites you.
You barely miss the worm. You peck the worm, but do no damage.
The worm is heavily wounded.
You block the worm's attack.
You hit the worm. Your kick misses the worm.
The worm is severely wounded.
The worm bites you!
You die...

#. #. #.#....
#.#...# #......
#.#.#.###
#.#.#...#
#.#.#w#.###.
#######.#.@.......
............$.....
..#####.#####.####
###.# # ..#.#
#.#.# #.#.#
#.#.#####.
###.........#


You could see a worm.

Vanquished Creatures
  An adder (D:2)
  A dart slug (D:1)
  An endoplasm (D:1)
  A goblin (D:1)
  3 hobgoblins (D:1)
  A ball python (D:1)
  2 kobolds
  2 rats (D:1)
12 creatures vanquished.

Notes
Turn   | Place    | Note
-------+----------+-------------------------------------------
     0 | D:1      | qw the Tengu Warper began the quest for the Orb.
     0 | D:1      | Reached XP level 1. HP: 12/12 MP: 4/4
     0 | D:1      | 0 ||| qw: Version: 0.1-a-89-g26bdef1
     0 | D:1      | 0 ||| qw: Game counter: 1357
     0 | D:1      | 0 ||| qw: Always use a shield: true
     0 | D:1      | 0 ||| qw: God list: Okawaru
     0 | D:1      | 0 ||| qw: Allow faded altars: false
     0 | D:1      | 0 ||| qw: Do Orc after D:15 true
     0 | D:1      | 0 ||| qw: Do second Lair branch before Depths: true
     0 | D:1      | 0 ||| qw: Lair rune preference: random
     0 | D:1      | 0 ||| qw: Plans: Normal
     0 | D:1      | 0 ||| PLANNING D:1-11
    63 | D:1      | Found a faded altar of an unknown god.
   153 | D:1      | 153 ||| Stepping ~*~*~tactically~*~*~ (hiding).
   255 | D:1      | 255 ||| Stepping ~*~*~tactically~*~*~ (hiding).
   406 | D:1      | Reached XP level 2. HP: 17/17 MP: 6/6
   547 | D:1      | 547 ||| Stepping ~*~*~tactically~*~*~ (stealth).
   548 | D:1      | 548 ||| Stepping ~*~*~tactically~*~*~ (stealth).
   551 | D:1      | Reached skill level 3 in Axes
   841 | D:1      | 841 ||| UPGRADING to +0 kite shield.
   846 | D:1      | 846 ||| READING scroll labelled IJUNAS ZETTAUJ.
   847 | D:1      | 847 ||| READING scroll labelled FINKIM FAR.
   848 | D:1      | 848 ||| READING scroll labelled URYZAF YDWUHA.
   849 | D:1      | 849 ||| READING scroll labelled HYMIAL ATUPUNA.
   850 | D:1      | 850 ||| DROPPING scroll of blinking.
   875 | D:2      | Reached skill level 1 in Shields
   942 | D:2      | Slain by a worm

Levels and vault maps discovered:
D:1:      amcnicky_arrival_choice, layout_basic,
          shapermc_ecumenical_altar_mp_ritualfount, grunt_decor_arrowhead,
          minmay_domino_4
D:2:      layout_basic

Skill      XL: |  1  2 |
---------------+-------+-----
Axes           | 3 |  3.2
Shields        | 1 |  1.2
Fighting       | |  2.0
Throwing       | |  1.0
Armour         | |  1.1
Dodging        | |  2.1
Spellcasting   | |  2.0
Translocations | |  2.4

Action                   || total
-------------------------++-------
Melee: Hand axe          ||    20
       Peck              ||     3
       Kick              ||     2
Throw: Boomerang         ||     7
  Use: Scroll            ||     4
Armor: Leather armour    ||     2
Dodge: Dodged            ||     5
Block: Kite shield       ||     2

Table legend:
 A = Non-vault XP
 B = Vault XP
 C = Vault XP percentage of total XP
 D = Non-vault monster count
 E = Vault monster count
 F = Vault count percentage of total count
                 A         B        C        D         E       F
            +---------+---------+-------+---------+---------+-------
      Total |      31 |       1 |   3.1 |      11 |       1 |   8.3
            +---------+---------+-------+---------+---------+-------
        D:1 |      17 |       1 |   5.6 |       9 |       1 |  10.0
        D:2 |      14 |       0 |   0.0 |       2 |       0 |   0.0
            +---------+---------+-------+---------+---------+-------
